 Dungeon Crawl Stone Soup version 0.29.1-1-gd02db6906a (webtiles) character file.

Game seed: 12393522727495854891

98 Linkola the Firebug (level 4, -6/24 HPs)
             Began as a Deep Elf Fire Elementalist on Sept 24, 2022.
             Killed from afar by Crazy Yiuf (12 damage)
             ... with a bolt of light
             ... on level 2 of the Dungeon.
             The game lasted 00:10:21 (2166 turns).

Linkola the Firebug (Deep Elf Fire Elementalist)    Turns: 2166, Time: 00:10:22

Health: -6/24      AC:  3    Str:  4    XL:     4   Next: 43%
Magic:  12/12      EV: 12    Int: 26    God:
Gold:   125        SH:  0    Dex: 14    Spells: 1/11 levels left

rFire   . . .      SeeInvis .   (no weapon)
rCold   . . .      Faith    .   (no shield)
rNeg    . . .      Spirit   .   a - +0 robe
rPois   .          Reflect  .   (no helmet)
rElec   .          Harm     .   (no cloak)
rCorr   .          Rampage  .   (no gloves)
Will    .....                   f - +0 pair of boots
Stlth   ++........              (no amulet)
HPRegen 0.08/turn               (no ring)
MPRegen 0.13/turn               (no ring)

@: no status effects
A: clever 1
a: no special abilities


You were on level 2 of the Dungeon.
You visited 1 branch of the dungeon, and saw 2 of its levels.

You collected 125 gold pieces.

Inventory:

Missiles
 j - 13 stones
 m - 2 datura-tipped darts (quivered)
Armour
 a - a +0 robe (worn)
 f - a +0 pair of boots (worn)
Scrolls
 c - a scroll of vulnerability {unknown}
 h - a scroll of immolation {unknown}
 i - 2 scrolls of poison {unknown}
 k - a scroll of blinking {unknown}
 l - a scroll of fear {unknown}
 o - a scroll of enchant weapon {unknown}
 p - a scroll of enchant armour {unknown}
Potions
 b - a potion of magic
 d - a potion of might
 g - 4 potions of curing


   Skills:
 * Level 0.5 Throwing
 + Level 2.7 Dodging
 + Level 3.4 Stealth
 + Level 4.1 Spellcasting
 + Level 1.6 Conjurations
 + Level 4.4 Fire Magic


You had one spell level left.
You knew the following spells:

 Your Spells              Type           Power      Damage    Failure   Level
a - Foxfire               Conj/Fire      84%        2x1d8     2%          1
b - Scorch                Fire           56%        2d7       1%          2
c - Conjure Flame         Conj/Fire      21%        6-21      8%          3
d - Flame Wave            Conj/Fire      21%        2d8       24%         4

Your spell library contained the following spells:

 Spells                   Type           Power      Damage    Failure   Level
 Inner Flame              Hex/Fire       16%        N/A       11%         3


Dungeon Overview and Level Annotations

Branches:
Dungeon (2/15)

Altars:

Annotations:
D:2 Crazy Yiuf


Innate Abilities, Weirdness & Mutations

Your mind is acute. (Int +4, Str/Dex -1)


Message History

Found a stone staircase leading down.
Found a stone staircase leading up.
There is a stone staircase leading up here.
Found an escape hatch in the ceiling.
There is an escape hatch in the ceiling here.
There is a stone staircase leading up here.
You now have 125 gold pieces (gained 14).
Found a hammer.
Found a runed translucent door.
Crazy Yiuf shouts!
Casting: Foxfire (safe; 2% risk of failure)
Confirm with . or Enter, or press ? or * to list all spells.
Okay, then.
Casting: Foxfire (safe; 2% risk of failure)
Confirm with . or Enter, or press ? or * to list all spells.
You can't see any susceptible monsters within range! (Use Z to cast anyway.)
You open the door.
Crazy Yiuf zaps a wand.
The bolt of light hits you!
Casting: Foxfire (safe; 2% risk of failure)
Confirm with . or Enter, or press ? or * to list all spells.
The spell is quite dangerous to miscast (8% risk of failure)!
Continue anyway?
The fire begins to smoulder!
Crazy Yiuf smothers the flame.
Casting: Conjure Flame (quite dangerous; 8% risk of failure)
Confirm with . or Enter, or press ? or * to list all spells.
You conjure some foxfire!
Crazy Yiuf grits, "Flower broken agre!"
Crazy Yiuf zaps a wand.
The bolt of light misses you.
Your foxfire dissipates!
Crazy Yiuf zaps a wand.
The bolt of light hits you!
You are confused.
Ouch! That really hurt!
* * * LOW HITPOINT WARNING * * *
You feel less confused.
Casting: Foxfire (safe; 2% risk of failure)
Confirm with . or Enter, or press ? or * to list all spells.
You conjure some foxfire!
Your foxfire dissipates! x2
Crazy Yiuf cries, "Snower!"
Crazy Yiuf zaps a wand.
The bolt of light hits you!
Ouch! That really hurt!
You die...

#####
##...######
#....g.@..#
#....####.#
#+..+# #.#
♣....♣ #.#
♣♣...♣ #.#
♣♣.♣♣ #.#
♣♣.♣ #.#
♣.♣♣ #.#
♣♣g♣ #.#


You could see Crazy Yiuf.

Vanquished Creatures
  An adder (D:2)
  3 gnolls (D:2)
  2 worms (D:2)
  4 dart slugs (D:1)
  2 endoplasms
  2 giant cockroaches (D:1)
  3 goblins (D:1)
  7 hobgoblins
  4 ball pythons
  2 frilled lizards
  3 kobolds (D:1)
  3 rats
36 creatures vanquished.

Vanquished Creatures (collateral kills)
  A gnoll (D:2)
1 creature vanquished.

Vanquished Creatures (others)
  123 foxfires
123 creatures vanquished.

Grand Total: 160 creatures vanquished

Notes
Turn   | Place    | Note
-------+----------+-------------------------------------------
     0 | D:1      | Linkola the Deep Elf Fire Elementalist began the quest for
                  | the Orb.
     0 | D:1      | Reached XP level 1. HP: 10/10 MP: 6/6
   111 | D:1      | Reached XP level 2. HP: 15/15 MP: 4/8
   114 | D:1      | Learned a level 2 spell: Scorch
   316 | D:1      | Found a faded altar of an unknown god.
   338 | D:1      | Gained mutation: Your mind is acute. (Int +4, Str/Dex -1)
                  | [potion of mutation]
  1173 | D:1      | Reached XP level 3. HP: 19/19 MP: 8/10
  1593 | D:2      | Reached XP level 4. HP: 16/24 MP: 1/12
  1655 | D:2      | Learned a level 3 spell: Conjure Flame
  1660 | D:2      | Learned a level 4 spell: Flame Wave
  2120 | D:2      | Found a runed translucent door.
  2121 | D:2      | Noticed Crazy Yiuf
  2166 | D:2      | Killed from afar by Crazy Yiuf

Illustrated notes

Levels and vault maps discovered:
D:1:      roderic_octagonal_star, layout_basic,
          hellmonk_ecumenical_altar_lost_god, minivault_19
D:2:      layout_rooms, kennysheep_decorative_pillar, uniq_crazy_yiuf_cottage

Skill      XL: |  1  2  3 |
---------------+----------+-----
Fire Magic     | 4 |  4.4
Stealth        | 3 |  3.4
Spellcasting   | 4 |  4.1
Throwing       | |  0.5
Dodging        | |  2.7
Conjurations   | |  1.6

Action                   |  1- 3 |  4- 6 || total
-------------------------+-------+-------++-------
Melee: Unarmed           |     5 |       ||     5
Throw: Stone             |     2 |       ||     2
       Dart              |     1 |     1 ||     2
 Cast: Foxfire           |    54 |    17 ||    71
       Scorch            |     1 |       ||     1
       Conjure Flame     |       |     2 ||     2
  Use: Scroll            |     5 |     1 ||     6
       Potion            |     1 |       ||     1
Armor: Robe              |     3 |       ||     3
Dodge: Dodged            |     7 |     2 ||     9
